 Dungeon Sprint DCSS version 0.29-a0-384-g6960b1960d (webtiles) character file.

Game seed: 12004612174685510711

108 mhtbhm the Skirmisher (level 4, 0/47 HPs)
             Began as a Minotaur Fighter on May 7, 2022.
             Slain by a necrophage (4 damage)
             ... in the Dungeon (Sprint IX: "|||||||||||||||||||||||||||||").
             The game lasted 00:00:18 (63 turns).

mhtbhm the Skirmisher (Minotaur Fighter)              Turns: 63, Time: 00:00:19

Health: 0/47       AC:  7    Str: 23    XL:     4   Next: 58%
Magic:  3/3        EV:  9    Int:  5    God:
Gold:   0          SH:  5    Dex:  9    Spells: 3/3 levels left

rFire   . . .      SeeInvis .   a - +0 flail
rCold   . . .      Faith    .   c - +0 buckler
rNeg    . . .      Spirit   .   b - +0 scale mail
rPois   .          Reflect  .   (helmet restricted)
rElec   .          Harm     .   (no cloak)
rCorr   .          Rampage  .   (no gloves)
Will    .....      NoTele   +   (no boots)
Stlth   ..........              (no amulet)
HPRegen 0.15/turn               (no ring)
MPRegen 0.08/turn               (no ring)

@: no status effects
A: horns 2, retaliatory headbutt
a: no special abilities


You were in the Dungeon.
You visited 1 branch

Inventory:

Hand Weapons
 a - a +0 flail (weapon)
Armour
 b - a +0 scale mail (worn)
 c - a +0 buckler (worn)
Scrolls
 j - a scroll of blinking
Potions
 d - a potion of might
 e - a potion of curing
 f - a potion of heal wounds
 g - a potion of haste
 h - 2 potions of magic
 i - a potion of berserk rage


   Skills:
 + Level 7.3 Fighting
 + Level 4.9 Maces & Flails
 + Level 6.4 Armour
 + Level 1.0 Dodging
 + Level 6.6 Shields


You had 3 spell levels left.
You didn't know any spells.
Your spell library was empty.

Dungeon Overview and Level Annotations

Branches:
Dungeon (1/1)

Altars:


Innate Abilities, Weirdness & Mutations

You have a pair of horns on your head.
You reflexively headbutt those who attack you in melee.


Message History

You sock the necrophage!
You destroy the necrophage!
The necrophage hits you.
* * * LOW HITPOINT WARNING * * *
You feel drained.
* * * LOW HITPOINT WARNING * * *
Your life force feels restored.
Your Fighting skill gained 2 levels and is now at level 7!
Your Maces & Flails skill increases to level 4!
Your Armour skill increases to level 6!
Your Dodging skill increases to level 1!
Your Shields skill increases to level 6!
You have reached level 4!
You feel stronger.
You hit the necrophage.
The necrophage is lightly damaged.
You block the necrophage's attack.
You closely miss the necrophage.
The necrophage is lightly damaged.
The necrophage hits you but does no damage.
You thump the necrophage! Your headbutt misses the necrophage.
The necrophage is heavily damaged.
The necrophage hits you.
* * * LOW HITPOINT WARNING * * *
You sock the necrophage! You headbutt the necrophage.
The necrophage is almost destroyed.
The necrophage misses you.
You closely miss the necrophage.
The necrophage is severely damaged.
You block the necrophage's attack. x2
You closely miss the necrophage.
The necrophage is severely damaged.
The necrophage barely misses you.
You hit the necrophage.
The necrophage is almost destroyed.
The necrophage hits you but does no damage.
You barely miss the necrophage. Your headbutt misses the necrophage.
The necrophage is almost destroyed.
The necrophage hits you.
You die...

▓.▓
▓.▓
▓.▓
▓)▓
▓.▓
▓.▓
▓.▓
▓.▓
▓@▓
▓n▓
▓.▓
▓.▓
▓.▓
▓.▓
▓.▓
▓+▓


You could see a necrophage.

Vanquished Creatures
  A necrophage (D)
  A hound (D)
  An adder (D)
  An orc (D)
  A goblin (D)
  A jackal (D)
  2 ball pythons (D)
  A frilled lizard (D)
9 creatures vanquished.

Notes
Turn   | Place    | Note
-------+----------+-------------------------------------------
     0 | D        | mhtbhm the Minotaur Fighter began the quest for the Orb.
     0 | D        | Reached XP level 1. HP: 19/19 MP: 0/0
     9 | D        | Reached skill level 4 in Fighting
    35 | D        | Noticed a hound
    35 | D        | Noticed a necrophage
    35 | D        | Noticed a necrophage
    43 | D        | Reached XP level 2. HP: 10/28 MP: 1/1
    45 | D        | Reached skill level 5 in Fighting
    45 | D        | Reached skill level 5 in Shields
    49 | D        | Reached skill level 5 in Armour
    49 | D        | Reached XP level 3. HP: 11/37 MP: 2/2
    55 | D        | Killed a necrophage
    56 | D        | Reached skill level 7 in Fighting
    56 | D        | Reached skill level 1 in Dodging
    56 | D        | Reached XP level 4. HP: 8/47 MP: 3/3
    63 | D        | Slain by a necrophage

Illustrated notes

Levels and vault maps discovered:
D:        linesprint [early_d, line_temple, items_1, d_10, items_2, lair_1,
          lair_end, items_3, orc_1, orc_end, items_4, d_15, swamp_1, shoals_1,
          snake_1, spider_1, d_20, vaults_1, items_5, swamp_end, shoals_end,
          snake_end, spider_end, vaults_end, d_27, items_6, zot_1, zot_end,
          crypt_end, forest_end, elf_end, slime_end, tomb_end, abyss_end,
          pan_hell_end]

Skill      XL: |  1  2  3 |
---------------+----------+-----
Fighting       | 4 5 7 |  7.3
Armour         | 4 5 6 |  6.4
Shields        | 4 5 6 |  6.6
Maces & Flails | 3 4 |  4.9
Dodging        | 1 |  1.0

Action                   |  1- 3 |  4- 6 || total
-------------------------+-------+-------++-------
Melee: Flail             |    28 |     8 ||    36
       Headbutt          |     6 |     1 ||     7
Armor: Scale mail        |    15 |     2 ||    17
Dodge: Dodged            |    12 |     2 ||    14
Block: Buckler           |     2 |     3 ||     5

Table legend: (Time is in decaauts)
 A = Elapsed time spent in this place.
 B = Non-inter-level travel time spent in this place.
 C = Inter-level travel time spent in this place.
 D = Time resting spent in this place.
 E = Time spent auto-exploring this place.
 F = Levels seen in this place.
 G = Mean time per level.
                   A        B        C        D        E       F      G
               +--------+--------+--------+--------+--------+-----+--------+
         Total |     72 |     72 |      0 |     17 |      3 |   1 |   72.0 |
       Dungeon |     72 |     72 |      0 |     17 |      3 |   1 |   72.0 |
               +--------+--------+--------+--------+--------+-----+--------+

Top non-repeatable levels by time:
       D: 72 daAuts
